 Dungeon Crawl Stone Soup version 0.31-a0-277-g31ea1f65cc (webtiles) character file.

Game seed: 7601616332239352423

1964 Newt the Trooper (level 9, 0/69 HPs)
             Began as a Demonspawn Gladiator on July 15, 2023.
             Was an Initiate of Hepliaklqana.
             Slain by a hornet (8 damage)
             ... on level 7 of the Dungeon.
             The game lasted 00:07:56 (7282 turns).

Newt the Trooper (Demonspawn Gladiator)             Turns: 7282, Time: 00:07:57

Health: 0/69       AC: 10    Str: 18    XL:     9   Next: 0%
Magic:  9/9        EV: 18    Int:  9    God:    Hepliaklqana [......]
Gold:   428        SH:  0    Dex: 16    Spells: 8/8 levels left

rFire   . . .        u - +4 halberd
rCold   . . .        (shield currently unavailable)
rNeg    . . .        x - +0 steam dragon scales
rPois   .            c - +0 helmet
rElec   .            h - +0 cloak
rCorr   .            (no gloves)
SInv    .            (no boots)
Will    .....        m - amulet of magic regeneration
Stlth   +            q - +5 ring of evasion
HPRegen 0.31/turn    (no ring)
MPRegen 0.51/turn

%: no passive effects
@: no status effects
A: yellow scales 1, demonic guardian 1, ignite blood 1, weakness stinger 2
a: Renounce Religion


You were on level 7 of the Dungeon.
You worshipped Hepliaklqana.
Hepliaklqana was noncommittal.
You visited 2 branches of the dungeon, and saw 8 of its levels.

You collected 428 gold pieces.

Inventory:

Hand Weapons
 a - a +0 rapier
 e - a +2 dagger of venom
 u - a +4 halberd (weapon)
Missiles
 d - 2 throwing nets (quivered)
 i - 7 poisoned darts
 n - 5 atropa-tipped darts
Armour
 b - a +0 leather armour
 c - a +0 helmet (worn)
 h - a +0 cloak (worn)
 x - +0 steam dragon scales (worn)
Jewellery
 m - an amulet of magic regeneration (around neck)
 q - a +5 ring of evasion (left hand)
 y - a ring of ice
Wands
 t - a wand of digging (3)
 v - a wand of flame (14)
Scrolls
 w - a scroll of identify
Potions
 f - 2 potions of brilliance
 g - a potion of magic
 k - 2 potions of lignification
 l - 2 potions of enlightenment
 o - a potion of degeneration {unknown}
 p - 3 potions of heal wounds {unknown}
 r - a potion of berserk rage {unknown}
 s - a potion of might {unknown}


   Skills:
 - Level 6.1 Fighting
 - Level 4.0 Short Blades
 + Level 5.9 Polearms
 - Level 4.0 Throwing
 - Level 4.0 Armour
 - Level 4.0 Dodging


You had 8 spell levels left.
You didn't know any spells.
Your spell library contained the following spells:

 Spells                   Type           Power      Damage    Failure   Level
 Apportation              Tloc           0%         N/A       38%         1
 Call Canine Familiar     Summ           0%         N/A       77%         3
 Portal Projectile        Hex/Tloc       0%         N/A       77%         3
 Leda's Liquefaction      Hex/Erth       0%         N/A       99%         4
 Alistair's Intoxication  Tmut/Pois      0%         N/A       100%        5


Dungeon Overview and Level Annotations

Branches:
Dungeon (7/15)             Temple (1/1) D:6

Altars:
Ashenzari
Hepliaklqana
Kikubaaqudgha
Makhleb
Ru


Innate Abilities, Weirdness & Mutations

You are partially covered in yellow scales. (AC +2)
A weak demonic guardian rushes to your aid.
Your demonic aura sometimes causes spilled blood to erupt in flames.
You have a tail ending in a sharp stinger.


Message History

The hornet resists.
The hornet is almost dead.
The hornet misses you. The bullfrog hits your quasit!
Your quasit bites the bullfrog.
Your quasit claws the bullfrog.
Your quasit closely misses the bullfrog.
Unknown command.
Unknown command.
You closely miss the hornet.
Your tail-slap misses the hornet.
The hornet is almost dead.
The hornet barely misses you.
The bullfrog completely misses your quasit.
Your quasit bites the bullfrog.
Your quasit claws the bullfrog. x2
The hornet stings you!
* * * LOW HITPOINT WARNING * * *
You are lethally poisoned!
You feel yourself slow down.
The bullfrog is engulfed in blazing flames.
You kill the bullfrog!
You have reached level 9!
Your experience leads to an increase in your attributes!
Increase (S)trength, (I)ntelligence, or (D)exterity?
You feel stronger. x2
You feel better.
The hornet stings you but does no damage.
Your quasit barely misses the hornet.
Your quasit claws the hornet but does no damage.
Your quasit barely misses the hornet.
The hornet misses your quasit.
Your quasit bites the hornet but does no damage.
Your quasit barely misses the hornet. x2
You feel yourself speed up. The hornet stings your quasit!
Your quasit dies!
Your quasit disappears in a puff of smoke!
Things that are here:
a +0 short sword; a +0 leather armour; a +2 falchion of holy wrath Unknown command.
You barely miss the hornet. You tail-slap the hornet.
The hornet is almost dead.
The hornet stings you!
You die...

#.# .# #.# #.. #.# #.#..#
##.###### #.#..# #.......#
#.#..# .####..####.# #.#..#
>##.....# #.####.#..####
.##.#...###......§o.....
.#..............@y#.###.####
.#..###.########).(.........
.#..†...# #.####....###
.#.###### #.# ....# .#.#
#.##


PPP♣♣ ...# #..# .PP♣ .### #### ♣.♣♣ .# ♣ .. You could see a hornet and an orc.

Vanquished Creatures
  A steam dragon (D:6)
  An acid dragon (D:5)
  An ice beast (D:7)
  2 sky beasts (D:6)
  A black bear (D:6)
  An ogre (D:5)
  A bullfrog (D:7)
  2 scorpions (D:5)
  8 wights
  3 orc priests
  4 hounds
  A gnoll bouda (D:4)
  A sleepcap (D:6)
  2 iguanas
  2 orc wizards
  8 gnolls
  5 adders
  A white imp (D:6)
  3 ufetubi
  3 worms
  7 dart slugs
  17 orcs
  8 ball pythons
  3 bats
  3 endoplasms (D:1)
  2 giant cockroaches (D:1)
  7 goblins
  11 hobgoblins
  7 jackals
  4 quokkas
  3 frilled lizards
  3 kobolds
  3 rats
129 creatures vanquished.

Vanquished Creatures (collateral kills)
  A jelly (D:5)
  A dart slug (D:3)
  An orc (D:4)
  A ball python (D:3)
4 creatures vanquished.

Grand Total: 133 creatures vanquished

Notes
Turn   | Place    | Note
-------+----------+-------------------------------------------
     0 | D:1      | Newt the Demonspawn Gladiator began the quest for the Orb.
     0 | D:1      | Reached XP level 1. HP: 16/16 MP: 1/1
   375 | D:1      | Gained mutation: Your demonic aura sometimes causes spilled
                  | blood to erupt in flames. [demonic ancestry]
   375 | D:1      | Reached XP level 2. HP: 19/23 MP: 2/2
   486 | D:1      | Reached skill level 3 in Fighting
   913 | D:1      | Reached XP level 3. HP: 28/29 MP: 3/3
  1082 | D:1      | Found a faded altar of an unknown god.
  1465 | D:2      | Reached skill level 4 in Fighting
  1903 | D:3      | Gained mutation: A weak demonic guardian rushes to your
                  | aid. [demonic ancestry]
  1903 | D:3      | Reached XP level 4. HP: 37/37 MP: 4/4
  3080 | D:4      | Gained mutation: You have a small tail. [demonic ancestry]
  3080 | D:4      | Reached XP level 5. HP: 36/42 MP: 5/5
  3957 | D:4      | Gained mutation: You have a tail ending in a sharp stinger.
                  | [demonic ancestry]
  3957 | D:4      | Reached XP level 6. HP: 23/49 MP: 6/6
  4469 | D:5      | Entered Level 5 of the Dungeon
  4477 | D:5      | Reached skill level 5 in Fighting
  4525 | D:6      | Reached skill level 6 in Fighting
  4525 | D:6      | Reached skill level 1 in Armour
  4525 | D:6      | Reached XP level 7. HP: 18/58 MP: 7/7
  5644 | D:6      | Gained mutation: You are partially covered in yellow
                  | scales. (AC +2) [demonic ancestry]
  5644 | D:6      | Reached XP level 8. HP: 56/64 MP: 8/8
  5830 | D:6      | Reached skill level 1 in Polearms
  6499 | D:6      | Found a staircase to the Ecumenical Temple.
  6505 | Temple   | Entered the Ecumenical Temple
  6518 | Temple   | Became a worshipper of Hepliaklqana the Forgotten
  7025 | D:7      | Reached skill level 5 in Polearms
  7259 | D:7      | Noticed a hornet
  7266 | D:7      | Paralysed by a hornet for 2 turns
  7277 | D:7      | Paralysed by a hornet for 1 turns
  7279 | D:7      | HP: 2/64 [hornet (11)]
  7280 | D:7      | Reached XP level 9. HP: 2/69 MP: 9/9
  7282 | D:7      | Slain by a hornet

Illustrated notes

Levels and vault maps discovered:
D:1:      dpeg_arrival_concentric_ovals, layout_basic,
          shapermc_ecumenical_altar_mp_highgroup, nrook_mini_backslash
D:2:      layout_basic, minmay_hexomino_f4
D:3:      kennysheep_slugbush, layout_basic
D:4:      layout_loops_ring, minmay_crystal_room
D:5:      layout_rooms, serial_bayou_pond_d, roderic_roman_lattice
D:6:      layout_gridville, minmay_temple_entry_fiery
D:7:      layout_loops_ring, uniq_crazy_yiuf_cottage, uniq_duvessa
Temple:   regret_index_temple_sigil_plot

Skill      XL: |  1  2  3  4  5  6  7  8 |
---------------+-------------------------+-----
Fighting       | 3 4 6 |  6.1
Dodging        | 3 4 |  4.0
Short Blades   | 4 |  4.0
Armour         | 1 4 |  4.0
Throwing       | 3 4 |  4.0
Polearms       | 5 |  5.9

Action                     |  1- 3 |  4- 6 |  7- 9 || total
---------------------------+-------+-------+-------++-------
  Melee: Rapier            |    81 |       |       ||    81
         Punch             |     4 |     3 |       ||     7
         Dagger            |    92 |   199 |   116 ||   407
         Tailslap          |       |    18 |    32 ||    50
         Halberd           |       |       |    85 ||    85
  Throw: Javelin           |     1 |     1 |       ||     2
         Throwing net      |     1 |     1 |     3 ||     5
         Dart              |       |     3 |     1 ||     4
  Evoke: Wand              |       |       |     6 ||     6
    Use: Scroll            |     5 |     4 |     1 ||    10
         Potion            |       |     1 |     2 ||     3
   Stab: Sleeping          |     1 |       |     2 ||     3
         Distracted        |       |       |     1 ||     1
         Held in net/web   |       |       |     1 ||     1
 Armour: Leather armour    |    50 |    33 |    31 ||   114
         Steam dragon scal |       |       |     8 ||     8
  Dodge: Dodged            |    92 |   144 |   165 ||   401

Table legend: (Time is in decaauts)
 A = Elapsed time spent in this place.
 B = Non-inter-level travel time spent in this place.
 C = Inter-level travel time spent in this place.
 D = Time resting spent in this place.
 E = Time spent auto-exploring this place.
 F = Levels seen in this place.
 G = Mean time per level.
                   A        B        C        D        E       F      G
               +--------+--------+--------+--------+--------+-----+--------+
         Total |   7264 |   7043 |    221 |   1822 |   4095 |   8 |  908.0 |
       Dungeon |   7243 |   7030 |    213 |   1822 |   4091 |   7 | 1034.7 |
        Temple |     20 |     13 |      7 |      0 |      4 |   1 |   20.0 |
               +--------+--------+--------+--------+--------+-----+--------+

Top non-repeatable levels by time:
     D:6: 1585 daAuts
     D:3: 1474 daAuts
     D:1: 1278 daAuts
     D:4: 1205 daAuts
     D:5: 817 daAuts
     D:2: 585 daAuts
     D:7: 297 daAuts
  Temple: 20 daAuts
